 Dungeon Crawl Stone Soup version 0.30.0-19-g36f170ea60 (webtiles) character file.

Game seed: 14705812872549733198

35 Graphine the Magician (level 3, -1/19 HPs)
             Began as a Deep Elf Earth Elementalist on June 1, 2023.
             Succumbed to a goblin's poison
             ... on level 2 of the Dungeon.
             The game lasted 00:02:01 (1160 turns).

Graphine the Magician (Deep Elf Earth Elementalist) Turns: 1160, Time: 00:02:01

Health: -1/19      AC:  2    Str:  5    XL:     3   Next: 17%
Magic:  7/10       EV: 12    Int: 21    God:
Gold:   43         SH:  0    Dex: 15    Spells: 9/10 levels left

rFire   . . .        e - +0 dagger
rCold   . . .        (no shield)
rNeg    . . .        a - +0 robe
rPois   .            (no helmet)
rElec   .            (no cloak)
rCorr   .            (no gloves)
SInv    .            (no boots)
Will    .....        (no amulet)
Stlth   ++           (no ring)
HPRegen 0.23/turn    (no ring)
MPRegen 0.12/turn

%: no passive effects
@: lethally poisoned (-1 -> -14)
A: no striking features
a: no special abilities


You were on level 2 of the Dungeon.
You visited 1 branch of the dungeon, and saw 2 of its levels.

You collected 43 gold pieces.

Inventory:

Hand Weapons
 e - a +0 dagger (weapon)
Armour
 a - a +0 robe (worn)
Jewellery
 f - a ring of ice
Scrolls
 d - a scroll of identify
 g - a scroll of vulnerability
 h - a scroll of blinking
Potions
 b - a potion of magic
 c - a potion of attraction


   Skills:
 - Level 2.4 Dodging
 - Level 2.4 Stealth
 + Level 4.2 Spellcasting
 - Level 1.1 Transmutations
 + Level 4.1 Earth Magic


You had 9 spell levels left.
You knew the following spells:

 Your Spells              Type           Power      Damage    Failure   Level
a - Sandblast             Erth           42%        2d11      2%          1

Your spell library contained the following spells:

 Spells                   Type           Power      Damage    Failure   Level
 Passwall                 Tmut/Erth      12%        N/A       6%          2
 Stone Arrow              Conj/Erth      26%        3d8       16%         3
 Ensorcelled Hibernation  Hex/Ice        8%         N/A       19%         2
 Inner Flame              Hex/Fire       4%         N/A       34%         3
 Swiftness                Air            4%         N/A       34%         3
 Petrify                  Tmut/Erth      15%        N/A       38%         4
 Airstrike                Air            2%         2d(1-17)  75%         4
 Sticky Flame             Conj/Fire      4%         2d3       75%         4
 Starburst                Conj/Fire      2%         6d3       100%        6


Dungeon Overview and Level Annotations

Branches:
Dungeon (2/15)

Altars:

Shops:
D:1 ([


Message History

You feel clever. x2
The blast of sand hits the hobgoblin!
You kill the hobgoblin!
The goblin shouts!
The blast of sand hits the hobgoblin!
You kill the hobgoblin!
The goblin no longer looks unusually strong.
There is a stone staircase leading up here.
You climb upwards.
There is a stone staircase leading down here.
You start resting.
Magic restored.
You climb downwards.
The goblin hits you but does no damage.
You are poisoned.
The rat bites you. The goblin hits you but does no damage.
The goblin misses you. x2; The rat barely misses you.
There is a stone staircase leading up here.
The blast of sand hits the goblin!
You kill the goblin!
You feel very sick. The rat bites you but does no damage.
The goblin hits you with a +1 dagger of venom.
You are lethally poisoned!
The blast of sand hits the goblin!
You kill the goblin!
* * * LOW HITPOINT WARNING * * *
You feel very sick. The rat bites you.
* * * LOW HITPOINT WARNING * * *
The rat bites you.
* * * LOW HITPOINT WARNING * * *
Okay, then.
You are too injured to fight recklessly!
Casting: Sandblast (safe; 2% risk of failure)
Confirm with . or Enter, or press ? or * to list all spells.
Aiming: Sandblast (safe; 2% risk of failure)
Press: ? - help, Shift-Dir - straight line, f - rat
Aim: a rat (83% to hit)
The blast of sand misses the rat.
You die...

....##.###.##
............
. ..........#
.##..†....$#
>..........#
#.......#
#..!)r..#
#....@..#
##..)..#####
#........!..#
##.....####.#
##w..## )#.##
#)### #. #.


You could see a worm and a rat.

Vanquished Creatures
  Robin (D:2)
  An endoplasm (D:1)
  4 goblins (D:2)
  7 hobgoblins
  A kobold (D:1)
  4 ball pythons
  A bat (D:1)
  A frilled lizard (D:1)
  3 rats (D:1)
23 creatures vanquished.

Notes
Turn   | Place    | Note
-------+----------+-------------------------------------------
     0 | D:1      | Graphine the Deep Elf Earth Elementalist began the quest
                  | for the Orb.
     0 | D:1      | Reached XP level 1. HP: 10/10 MP: 6/6
   127 | D:1      | Found Igobaihian's Antique Armour Shoppe.
   149 | D:1      | Got the Teachings on Breezy Pyromania
   318 | D:1      | Found Lifiyb's Weapon Shop.
   554 | D:1      | Reached XP level 2. HP: 15/15 MP: 5/8
   841 | D:1      | Found a faded altar of an unknown god.
  1070 | D:2      | Noticed Robin
  1077 | D:2      | Killed Robin
  1078 | D:2      | Reached XP level 3. HP: 19/19 MP: 2/10
  1160 | D:2      | Succumbed to a goblin's poison

Illustrated notes

Levels and vault maps discovered:
D:1:      mrwooster_arrival_statue_2, layout_loops_corners, serial_shops, shop,
          nicolae_shop_crystal, hellmonk_ecumenical_altar_leap_of_faith,
          minmay_tree_intersection, chequers_mini_garden
D:2:      layout_loops_cross, uniq_robin

Skill      XL: |  1  2 |
---------------+-------+-----
Spellcasting   | 4 |  4.2
Earth Magic    | 4 |  4.1
Dodging        | |  2.4
Stealth        | |  2.4
Transmutations | |  1.1

Action                     || total
---------------------------++-------
   Cast: Sandblast         ||    26
    Use: Scroll            ||     4
 Armour: Robe              ||     3
  Dodge: Dodged            ||     6
